 Dungeon Crawl Stone Soup version 0.18.1-48-g4cf74bf (webtiles) character file.

4191 Joat the Archer (level 10, -1/83 HPs)
             Began as a Centaur Hunter on July 28, 2016.
             Was a High Priest of Qazlal.
             Killed by divine providence
             ... invoked by an orc priest
              (11 damage)
             ... on level 11 of the Dungeon.
             The game lasted 03:07:14 (12404 turns).

Joat the Archer (Centaur Hunter)                   Turns: 12404, Time: 03:07:17

Health: -1/83      AC: 14    Str: 17    XL:     10   Next: 8%
Magic:  12/13      EV:  6    Int: 10    God:    Qazlal [*****.]
Gold:   657        SH: 11    Dex: 13    Spells: 0 memorised, 9 levels left

rFire  + . .     SeeInvis .     b - +4 quarterstaff (chaos)
rCold  . . .     Gourm    .     T - +0 chain mail
rNeg   . . .     Faith    .     (shield currently unavailable)
rPois  .         Spirit   .     z - +2 helmet
rElec  .         Dismiss  .     S - +0 cloak
rCorr  .         Reflect  +     O - +0 pair of gloves
SustAt .         Harm     .     (no barding)
MR     .....                    g - +5 amulet of reflection
Stlth  ..........               K - ring of flight
                                l - ring of protection from fire

@: about to teleport, repel missiles, very quick, not resistant to hostile
enchantments, extremely unstealthy
A: hooves 3, deformed body, speed 2, sense surroundings 1, strong 1, tough skin
3, no device heal 1
a: Upheaval, Elemental Force, Disaster Area, Renounce Religion, Evoke Flight


You were on level 11 of the Dungeon.
You worshipped Qazlal.
Qazlal was extremely pleased with you.
You were not hungry.

You visited 2 branches of the dungeon, and saw 12 of its levels.
You also visited: Sewer.

You collected 657 gold pieces.

Inventory:

Hand Weapons
 a - a +1 shortbow
 b - a +4 quarterstaff of chaos (weapon)
 c - a +1 short sword of venom
 r - a +0 hunting sling
 x - a +0 hand crossbow
 E - a +1 short sword of speed
 L - a +2 spear of venom
Missiles
 d - 24 arrows
 e - 11 tomahawks
 k - 82 poisoned needles
 H - 36 bolts
 P - 103 sling bullets
 Y - a throwing net (quivered)
Armour
 z - a +2 helmet (worn)
 N - a +2 robe of cold resistance
 O - a +0 pair of gloves (worn)
 S - a +0 cloak (worn)
 T - a +0 chain mail (worn)
Jewellery
 g - a +5 amulet of reflection (around neck)
 l - a ring of protection from fire (left hand)
 K - a ring of flight (right hand)
 X - an uncursed ring of magical power
Wands
 i - a wand of digging (1/24)
 y - a wand of random effects (24/48)
Scrolls
 p - 7 scrolls of remove curse
 s - a scroll of noise {unknown}
 t - a scroll of fear
 w - 4 scrolls of enchant armour
 A - 2 scrolls of summoning
 C - a scroll of magic mapping
 I - a scroll of amnesia
 J - a scroll of enchant weapon {unknown}
 Q - a scroll of immolation {unknown}
 U - a scroll of vulnerability {unknown}
Potions
 o - a potion of haste
 v - a potion of curing
 B - a potion of berserk rage
 D - 2 potions of invisibility
 M - a potion of cancellation
 R - a potion of brilliance
 Z - a potion of agility
Books
 q - an Akashic Record

   Spells                             Type                      Level
   a - Dispersal                      Translocation                6
   b - Malign Gateway                 Summoning/Translocation      7
   c - Disjunction                    Translocation                8
   d - Controlled Blink               Translocation                8
Comestibles
 f - 4 bread rations
 h - 9 royal jellies
 j - 5 meat rations
 m - 12 fruits
 F - 8 beef jerkies
 V - 6 chunks of flesh


   Skills:
 + Level 6.0 Fighting
 - Level 3.8 Staves
 + Level 12.4 Bows
 + Level 4.1 Armour
 + Level 4.5 Dodging
 - Level 0.5 Stealth
 + Level 4.0 Invocations


You had 9 spell levels left.
You didn't know any spells.

Dungeon Overview and Level Annotations

Branches:
Dungeon (12/15)            Temple (1/1) D:7
   Lair: D:8-11         Orc: D:9-12

Altars:
Ashenzari
Cheibriados
Dithmenos
Elyvilon
Fedhas
Gozag
Kikubaaqudgha
Makhleb
Nemelex Xobeh
Okawaru
Pakellas
Qazlal
Ru
Sif Muna
Trog
Vehumet
Xom
Yredelemnul
Zin
The Shining One

Shops:
D:7 }

Annotations:
D:4 1 exclusion
D:9 Erica


Innate Abilities, Weirdness & Mutations

You have hooves in place of feet.
Armour fits poorly on your strangely shaped body.
You cover ground very quickly.
You have extremely tough skin (AC +3).
You passively map a small area around you.
Your muscles are strong. (Str +2)
Potions and wands are less effective at restoring your health.


Message History

You thump something! Qazlal accepts your kill.
Reactivating autopickup.
Your Invocations skill increases to level 4!
You feel a bit more experienced.
You hear a bellow!
You block the orc priest's attack.
A yak and an orc come into view.
Read which item? (? for menu, Esc to quit)
As you read the scroll of teleportation, it crumbles to dust.
You feel strangely unstable.
You hear a howl!
You hear a shout!
The yak is engulfed in roaring flames.
You hit the orc priest.
Waves of light ripple over the orc priest's body.
The orc priest is moderately wounded.
You hear the urgent ticking of a distant clock.
The orc priest mumbles some strange prayers to Beogh against you.
Beogh smites you!
You die...

, , ** ,
#.....# # ,
#.Y...# ,
.#####.Y...#
..........#,
* #........#
#....§§§.#
#....Y...#, ,
* #..§)@.§.#
,, *
#..§§o...#
............#
, ,
............#
* ,
............#
*
......###...#
* #####. ,
##o# ,, #.
*.. ,, #.#
...


You could see 3 yaks, an orc priest and an orc.

Vanquished Creatures
  A wraith (D:11)
  Grum (D:7)
  2 soldier ants (D:8)
  The ghost of ololoev the Firebug, an amateur DEFE (D:5)
  3 sky beasts (D:7)
  A black bear (D:6)
  3 wolves (D:7)
  3 ogres
  2 centaurs
  A crocodile (D:11)
  11 giant frogs
  A wyvern skeleton (D:9)
  2 scorpions
  5 howler monkeys
  4 crimson imps
  A quasit (D:11)
  3 hounds
  A jelly (D:5)
  Crazy Yiuf (D:2)
  2 giant frog skeletons
  3 orc priests
  6 orc wizards
  A centaur skeleton (D:8)
  Jessica (D:2)
  Terence (D:2)
  An iguana (D:5)
  6 worker ants
  A hound skeleton (D:4)
  Robin (D:1)
  3 gnolls (D:9)
  19 adders
  4 shadow imps
  A white imp (D:4)
  9 oozes
  5 adder skeletons
  6 worms
  2 dart slugs
  21 giant geckos
  29 orcs
  26 giant cockroaches
  16 goblins
  9 hobgoblins
  16 jackals
  11 kobolds
  7 quokkas
  8 ball pythons
  6 bats
  2 giant gecko skeletons
  9 giant newts
  A jackal skeleton (D:7)
  11 rats
  2 bushes (D:3)
  A butterfly (D:3)
  A plant (D:3)
295 creatures vanquished.

Notes
Turn   | Place    | Note
--------------------------------------------------------------
     0 | D:1      | Joat the Centaur Hunter began the quest for the Orb.
     0 | D:1      | Reached XP level 1. HP: 17/17 MP: 1/1
   117 | D:1      | Reached XP level 2. HP: 20/24 MP: 2/2
   130 | D:1      | Reached skill level 6 in Bows
   787 | D:2      | Reached XP level 3. HP: 11/29 MP: 3/3
   802 | D:1      | HP: 1/29 [poisoned by an adder]
  1190 | D:2      | Noticed Robin
  1191 | D:2      | Noticed Jessica
  1210 | D:2      | Reached skill level 7 in Bows
  1757 | D:1      | Killed Robin
  1757 | D:1      | Reached XP level 4. HP: 17/36 MP: 4/4
  1947 | D:2      | Killed Jessica
  2143 | D:2      | Noticed Terence
  2186 | D:2      | Killed Terence
  2437 | D:2      | Reached skill level 8 in Bows
  2437 | D:2      | Reached XP level 5. HP: 37/42 MP: 5/5
  2451 | D:2      | Found a faded altar to an unknown god.
  2767 | D:2      | Found a snail-covered altar of Cheibriados.
  2805 | D:2      | Noticed Crazy Yiuf
  2825 | D:2      | Killed Crazy Yiuf
  3058 | D:2      | Found a shadowy altar of Dithmenos.
  3732 | D:3      | Found a shimmering altar of Xom.
  3940 | D:3      | Reached XP level 6. HP: 38/51 MP: 6/6
  3976 | D:3      | Found a white marble altar of Elyvilon.
  3977 | D:3      | Found a bloodstained altar of Trog.
  3979 | D:3      | Found a stormy altar of Qazlal.
  4007 | D:3      | Became a worshipper of Qazlal Stormbringer
  4070 | D:3      | Found a shadowy altar of Dithmenos.
  4515 | D:4      | Reached skill level 9 in Bows
  4661 | D:4      | Reached skill level 1 in Armour
  5020 | D:4      | Found a sacrificial altar of Ru.
  5110 | D:4      | Found an ancient bone altar of Kikubaaqudgha.
  5225 | D:4      | Reached XP level 7. HP: 52/57 MP: 7/7
  5354 | D:4      | Reached * piety under Qazlal
  5696 | D:5      | Entered Level 5 of the Dungeon
  5699 | D:5      | Reached skill level 1 in Staves
  6006 | D:5      | Noticed ololoev's ghost (amateur DEFE)
  6031 | D:5      | Killed ololoev's ghost
  6114 | D:5      | Found a glowing drain.
  6130 | Sewer    | Entered a sewer
  6145 | Sewer    | Reached ** piety under Qazlal
  6173 | Sewer    | Reached skill level 10 in Bows
  6388 | Sewer    | Reached XP level 8. HP: 66/66 MP: 8/8
  6617 | Sewer    | Reached *** piety under Qazlal
  7594 | D:5      | Gained mutation: Your muscles are strong. (Str +2) [potion of beneficial mutation]
  7809 | D:6      | Found a sparkling altar of Nemelex Xobeh.
  7840 | D:6      | Reached skill level 5 in Fighting
  7960 | D:6      | Gained mutation: You passively map a small area around you. [potion of mutation]
  7960 | D:6      | Gained mutation: Potions and wands are less effective at restoring your health. [potion of mutation]
  8015 | D:6      | Reached **** piety under Qazlal
  8185 | D:6      | Found a deep blue altar of Sif Muna.
  8239 | D:6      | Reached skill level 11 in Bows
  8450 | D:7      | Reached skill level 1 in Invocations
  8468 | D:7      | Reached XP level 9. HP: 30/74 MP: 9/9
  8685 | D:7      | Found Voruse's Gadget Boutique.
  8880 | D:7      | Found a staircase to the Ecumenical Temple.
  9065 | D:7      | Found an oddly glowing altar of Pakellas.
  9375 | D:8      | Noticed Grum
  9547 | D:7      | Killed Grum
 10441 | D:8      | Found a glowing silver altar of Zin.
 10537 | D:8      | Reached skill level 12 in Bows
 10968 | D:8      | Found a burning altar of Makhleb.
 10970 | D:8      | Found a blossoming altar of Fedhas.
 11099 | D:9      | Learned a level 6 spell: Dispersal
 11553 | Temple   | Entered the Ecumenical Temple
 12090 | D:9      | Noticed Erica
 12115 | D:9      | You fall through a shaft for 3 floors!
 12121 | D:12     | HP: 3/75 [poisoned by Erica (bolt of poison)]
 12289 | D:11     | Reached XP level 10. HP: 35/83 MP: 12/12
 12393 | D:11     | Reached ***** piety under Qazlal
 12404 | D:11     | Killed from afar by an orc priest

Skill      XL: |  1  2  3  4  5  6  7  8  9 10 |
---------------+-------------------------------+-----
Bows           | 6 7 8 9 10 11 12 | 12.4
Fighting       | 3 4 5 6 |  6.0
Armour         | 1 2 4 |  4.1
Dodging        | 2 3 4 |  4.5
Staves         | 2 3 |  3.8
Invocations    | 1 3 4 |  4.0
Stealth        | |  0.5

Action                   |  1- 3 |  4- 6 |  7- 9 | 10-12 || total
-------------------------+-------+-------+-------+-------++-------
Melee: Spear             |    26 |   185 |       |       ||   211
       Short sword       |    31 |       |       |       ||    31
       Kick              |     9 |    74 |    49 |     8 ||   140
       Quarterstaff      |       |    25 |   256 |    33 ||   314
 Fire: Shortbow          |    72 |   139 |   332 |    17 ||   560
Throw: Stone             |     6 |       |       |       ||     6
Invok: Upheaval          |       |       |     1 |       ||     1
 Abil: Evoke Flight      |       |       |     1 |       ||     1
  Use: Scroll            |       |     1 |    18 |     2 ||    21
       Potion            |       |       |     7 |     1 ||     8
 Stab: Distracted        |     1 |       |       |       ||     1
       Invisible         |       |     1 |       |       ||     1
       Paralysed         |       |     1 |       |       ||     1
       Confused          |       |       |     1 |       ||     1
  Eat: Chunk             |     2 |     9 |    13 |       ||    24
       Bread ration      |       |       |     1 |       ||     1
       Pizza             |       |       |     1 |       ||     1
Armor: Leather armour    |    34 |     8 |       |       ||    42
       Animal skin       |       |    25 |       |       ||    25
       Robe              |       |     5 |   163 |       ||   168
       Chain mail        |       |       |    14 |    28 ||    42
Dodge: Dodged            |    43 |    37 |   171 |    16 ||   267
       Deflected         |       |       |     3 |       ||     3
Block: Other             |       |    15 |   182 |    26 ||   223
       Reflection        |       |     1 |     2 |       ||     3
